 Dungeon Crawl Stone Soup version 0.23-a0-644-gb60d84b635 (webtiles) character file.

848 Napalmbreeze the Chopper (level 7, -1/66 HPs)
             Began as a Deep Dwarf Monk on Jan 2, 2019.
             Slain by an orc wizard
             ... wielding a +2 dagger of distortion
              (27 damage)
             ... on level 6 of the Dungeon.
             The game lasted 00:06:44 (3380 turns).

Napalmbreeze the Chopper (Deep Dwarf Monk)          Turns: 3380, Time: 00:06:45

Health: -1/66      AC: 12    Str: 21    XL:     7   Next: 69%
Magic:  7/7        EV: 13    Int: 10    God:
Gold:   137        SH:  0    Dex: 15    Spells: 6/6 levels left

rFire    . . .     SeeInvis .   a - +0 hand axe
rCold    . . .     Gourm    .   (no shield)
rNeg     . . .     Faith    .   y - +0 chain mail
rPois    .         Spirit   .   v - +1 helmet
rElec    .         Reflect  .   n - +0 cloak
rCorr    .         Harm     +   (no gloves)
MR       +....                  (no boots)
Stlth    ..........             q - amulet of harm
HPRegen  0.00/turn              j - +4 ring of strength
MPRegen  0.10/turn              b - +3 ring of evasion

@: non-regenerating
A: damage resistance, heal wounds, sense surroundings 1, no regeneration
a: Heal Wounds


You were on level 6 of the Dungeon.
You were not hungry.

You visited 1 branch of the dungeon, and saw 6 of its levels.

You collected 227 gold pieces.
You spent 90 gold pieces at shops.

Inventory:

Hand Weapons
 a - a +0 hand axe (weapon)
Armour
 n - a +0 cloak (worn)
 v - a +1 helmet (worn)
 y - a +0 chain mail (worn)
Jewellery
 b - a +3 ring of evasion (right hand)
 j - a +4 ring of strength (left hand)
 p - a cursed ring of protection from magic
 q - an amulet of harm (around neck)
Wands
 i - a wand of random effects (21)
 x - a wand of paralysis (9)
Scrolls
 e - 4 scrolls of teleportation
 h - a scroll of remove curse
 l - 3 scrolls of magic mapping
 o - 2 scrolls of amnesia
 r - a scroll of fog
 u - 2 scrolls of blinking
Potions
 d - a potion of invisibility
 f - a potion of might {unknown}
 g - 2 potions of heal wounds {unknown}
 k - a potion of ambrosia {unknown}
 m - 2 potions of mutation {unknown}
 t - a potion of curing {unknown}
 z - a potion of magic {unknown}
 A - 2 potions of degeneration {unknown}
Comestibles
 c - 15 rations
 w - 2 chunks of flesh


   Skills:
 + Level 4.4 Fighting
 * Level 6.9 Axes
 + Level 3.7 Armour
 + Level 5.4 Dodging
 - Level 2.4 Stealth


You had 6 spell levels left.
You didn't know any spells.
Your spell library was empty.

Dungeon Overview and Level Annotations

Branches:
Dungeon (6/15)
 Temple: D:4-7

Altars:
Trog

Shops:
D:5 ?

Annotations:
D:5 3 runed doors, Adamkad1's ghost, amateur TrBe
D:6 LLavrengius's ghost, novice OpFi


Innate Abilities, Weirdness & Mutations

You are resistant to damage.
You can heal yourself by infusing magical energy.
You passively map a small area around you.
You do not regenerate.


Message History

Unknown command.
You barely miss the orc. You hit the orc but do no damage.
The orc hits you but does no damage. x2
Unknown command.
You slash the orc!
You kill the orc!
Your chain mail prevents you from hitting the orc.
Unknown command.
You completely miss the orc priest. You hit the orc wizard.
The orc priest invokes the aid of Beogh against you.
Beogh smites you!
Unknown command.
You hit the orc priest.
The orc priest is moderately wounded.
You barely miss the orc wizard. The orc wizard misses you.
The orc priest calls down the wrath of Beogh upon you.
Beogh smites you!
The orc wizard hits you but does no damage.
Space warps horribly around you!
You die...

.........#.# #.#.#
*########.#.#
#.#.. *
,.......÷#.# #.###
....<...#.####....
*
..................
,
.......#.#####..##
...........# ♣..♣
###############.##
♣..♣
....ooo@........#
♣..♣
.....oo##########
♣..♣ ......o *
♣.♣♣ .....©o , .♣♣
#######* * * *
#?...(O , ,, * *
#.#..#O #..##.. ,
, , *


You could see a two-headed ogre, an ogre, 2 orc priests, 2 orc wizards and 3
orcs.

Vanquished Creatures
  An ogre (D:5)
  A phantom (D:5)
  A bullfrog (D:4)
  2 scorpions
  A howler monkey (D:5)
  A crimson imp (D:5)
  A bullfrog zombie (D:5)
  A hound (D:4)
  3 orc wizards
  Ijyb (D:3)
  An iguana (D:5)
  3 worker ants
  4 adders
  A shadow imp (D:5)
  3 oozes
  An adder skeleton (D:5)
  2 worms
  2 dart slugs (D:2)
  2 leopard geckos
  12 orcs
  3 goblins
  11 hobgoblins
  12 jackals
  5 quokkas
  A ball python (D:3)
  6 bats
  3 frilled lizards
  A jackal zombie (D:5)
  11 kobolds
  13 rats
110 creatures vanquished.

Vanquished Creatures (others)
  3 fungi (D:5)
  A plant (D:5)
4 creatures vanquished.

Grand Total: 114 creatures vanquished

Notes
Turn   | Place    | Note
-------+----------+-------------------------------------------
     0 | D:1      | Napalmbreeze the Deep Dwarf Monk began the quest for the
                  | Orb.
     0 | D:1      | Reached XP level 1. HP: 20/20 MP: 1/1
   275 | D:1      | Reached XP level 2. HP: 13/27 MP: 2/2
   923 | D:2      | Reached skill level 4 in Axes
   937 | D:2      | Reached XP level 3. HP: 14/34 MP: 3/3
  1187 | D:2      | Reached skill level 1 in Armour
  1286 | D:2      | Reached XP level 4. HP: 32/42 MP: 4/4
  1803 | D:3      | Noticed Ijyb
  1816 | D:3      | Killed Ijyb
  1883 | D:3      | Reached XP level 5. HP: 45/49 MP: 5/5
  2290 | D:4      | Reached skill level 5 in Axes
  2303 | D:4      | Found a bloodstained altar of Trog.
  2411 | D:4      | Reached XP level 6. HP: 38/57 MP: 6/6
  2630 | D:5      | Entered Level 5 of the Dungeon
  2632 | D:5      | Found Piozxuli's Magic Scroll Shoppe.
  2641 | D:5      | Bought a scroll of identify for 30 gold pieces
  2641 | D:5      | Bought a scroll of identify for 30 gold pieces
  2641 | D:5      | Bought a scroll of identify for 30 gold pieces
  2744 | D:5      | Reached skill level 6 in Axes
  2749 | D:5      | Found a runed gate.
  2750 | D:5      | Found a runed gate.
  2751 | D:5      | Found a runed gate.
  2751 | D:5      | Identified the cursed +2 short sword "Nok Wyeph" {chaos,
                  | +Rage}
  2755 | D:5      | Noticed Adamkad1's ghost (amateur TrBe)
  2834 | D:5      | Reached XP level 7. HP: 42/64 MP: 7/7
  2839 | D:5      | Reached skill level 5 in Dodging
  3373 | D:6      | Noticed LLavrengius's ghost (novice OpFi)
  3373 | D:6      | Identified the +6 dire flail of Xom's Reproof {elec, Dex+5}
  3373 | D:6      | Identified the cursed +1 dire flail of Abomination {flame,
                  | Str-2 Int+9 Dex+6 Stlth-}
  3373 | D:6      | Noticed a two-headed ogre
  3380 | D:6      | Slain by an orc wizard

Vault maps used:
D:1:      nicolae_arrival_memento_mori, minmay_distorted
D:2:      first_ration
D:3:      uniq_ijyb
D:4:      lightli_temple_of_fire
D:5:      gammafunk_ghost_nasty_kobolds, serial_shops, shop
D:6:      kb_forest_paths, minmay_temple_entry_hall, gammafunk_ghost_smash

Skill      XL: |  1  2  3  4  5  6  7 |
---------------+----------------------+-----
Fighting       | 3 4 |  4.4
Axes           | 4 5 6 |  6.9
Armour         | 1 2 3 |  3.7
Dodging        | 4 5 |  5.4
Stealth        | |  2.4

Action                   |  1- 3 |  4- 6 |  7- 9 || total
-------------------------+-------+-------+-------++-------
Melee: Hand axe          |   116 |   197 |   110 ||   423
 Abil: Heal Wounds       |     1 |     2 |     2 ||     5
  Use: Scroll            |       |    10 |       ||    10
 Stab: Sleeping          |     1 |     1 |       ||     2
  Eat: Chunk             |     1 |     5 |     3 ||     9
Armor: Robe              |     2 |       |       ||     2
       Ring mail         |    31 |    64 |    24 ||   119
       Chain mail        |       |       |     5 ||     5
Dodge: Dodged            |    89 |   182 |    91 ||   362

Table legend:
 A = Non-vault XP
 B = Vault XP
 C = Vault XP percentage of total XP
 D = Non-vault monster count
 E = Vault monster count
 F = Vault count percentage of total count
                 A         B        C        D         E       F
            +---------+---------+-------+---------+---------+-------
      Total |    1173 |      39 |   3.2 |     107 |       3 |   2.7
            +---------+---------+-------+---------+---------+-------
        D:1 |      34 |       3 |   8.1 |      17 |       2 |  10.5
        D:2 |      70 |       0 |   0.0 |      30 |       0 |   0.0
        D:3 |      60 |      36 |  37.5 |      23 |       1 |   4.2
        D:4 |     314 |       0 |   0.0 |      11 |       0 |   0.0
        D:5 |     688 |       0 |   0.0 |      23 |       0 |   0.0
        D:6 |       7 |       0 |   0.0 |       3 |       0 |   0.0
            +---------+---------+-------+---------+---------+-------
